AoeStats
← fat_dgk

Black Forest

507009304Analyzed
4v4 RM · 17d ago on Sep 16, 2026· 47m 44s· 8 players
Game mode
Random Map
Map size
Large (8 player)
Population
200
Speed
Normal
Resources
Standard
Victory
Conquest
Starting age
Dark Age
Ending age
Imperial Age
RankedLock teamsTeams togetherTeam positionsShared explorationLock speedFull tech treeHidden civsTurbo modeCheats
Victory
Defeat
🇹🇼 Muisca · Taiwan
1362
+12
🇨🇦 Mongols · Canada
1294
+15
🇮🇳 Turks · India
1256
+16
🇲🇽 Saracens · Mexico
1249
+17
🇦🇷 Cumans · Argentina
1320
-17
🇺🇸 Magyars · United States
1314
-16
🇨🇱 Dravidians · Chile
1260
-15
🇺🇦 Bohemians · Ukraine
1187
-12
Schvank
12:04 Feudal Age
15:36 Castle Age
13:37 Double-Bit Axe
15:10 Horse Collar
16:42 Bow Saw
18:04 Fishing Lines
20:09 Gillnets
22:01 Wheelbarrow
22:30 Stone Mining
23:48 Stone Shaft Mining
24:11 Heavy Plow
24:33 Hand Cart
25:02 Loom
25:41 Gold Mining
26:50 Scale Barding Armor
29:25 Imperial Age
27:08 Forging
28:38 Gold Shaft Mining
29:01 Chain Barding Armor
29:11 Husbandry
29:51 Bloodlines
31:09 Iron Casting
30:33 Elite Steppe Lancer
33:08 Blast Furnace
31:59 Fletching
32:39 Conscription
33:47 Chemistry
32:53 Siege Engineers
33:48 Drill
34:09 Ballistics
33:51 Padded Archer Armor
33:22 Capped Ram
34:28 Bodkin Arrow
34:23 Elite Mangudai
35:29 Masonry
34:58 Onager
36:37 Bracer
36:53 Leather Archer Armor
37:00 Siege Onager
37:37 Heavy Camel Rider
40:43 Light Cavalry
45:02 Hussar
joe08957
0:43 Loom
11:46 Feudal Age
15:44 Castle Age
15:16 Double-Bit Axe
16:49 Bow Saw
18:25 Fishing Lines
18:29 Horse Collar
22:41 Gold Mining
24:12 Wheelbarrow
34:04 Imperial Age
32:31 Scale Mail Armor
33:25 Fletching
34:02 Bodkin Arrow
34:33 Squires
34:45 Bracer
34:46 Padded Archer Armor
35:17 Ballistics
35:58 Chemistry
35:44 Chain Mail Armor
36:10 Forging
36:04 Elite Guecha Warrior
37:16 Leather Archer Armor
37:36 Plate Mail Armor
37:57 Forging
40:30 Conscription
41:01 Iron Casting
40:50 Heavy Plow
40:41 Stone Mining
46:16 Pikeman
ayushdy2004
1:33 Loom
15:33 Feudal Age
16:57 Double-Bit Axe
19:28 Castle Age
23:27 Imperial Age
33:52 Gold Mining
42:44 Bow Saw
42:18 Horse Collar
46:51 Gold Shaft Mining
46:06 Stone Mining
47:45 Wheelbarrow
HK | Jai Guru Deva
10:57 Feudal Age
17:20 Castle Age
16:49 Fletching
17:43 Crossbowman
28:39 Horse Collar
28:50 Double-Bit Axe
30:32 Loom
34:30 Bow Saw
34:20 Heavy Plow
34:33 Heavy Plow
34:25 Gold Mining
35:27 Wheelbarrow
35:12 Bow Saw
37:50 Hand Cart
40:14 Imperial Age
38:54 Gold Shaft Mining
39:27 Forging
39:22 Scale Barding Armor
39:13 Bodkin Arrow
40:47 Iron Casting
40:51 Bloodlines
40:17 Heavy Camel Rider
41:21 Conscription
41:13 Bimaristan
43:48 Blast Furnace
43:13 Chain Barding Armor
42:55 Husbandry
43:21 Capped Ram
44:36 Light Cavalry
46:47 Siege Ram
Shane Pizza
1:09 Loom
16:06 Feudal Age
19:44 Scale Barding Armor
32:43 Horse Collar
34:10 Bloodlines
38:55 Castle Age
39:20 Light Cavalry
41:02 Husbandry
45:12 Wheelbarrow
47:26 Hand Cart
47:44 Fletching
Don'tPushTheHorses
0:38 Loom
10:44 Feudal Age
12:00 Double-Bit Axe
18:06 Castle Age
25:24 Horse Collar
25:57 Bow Saw
26:01 Elite Skirmisher
27:28 Fletching
27:38 Padded Archer Armor
31:32 Bodkin Arrow
34:41 Heavy Plow
36:00 Ballistics
37:14 Husbandry
44:41 Imperial Age
42:05 Pikeman
43:20 Scale Mail Armor
43:31 Forging
45:32 Capped Ram
fat_dgk
3:17 Loom
7:11 Loom
9:58 Feudal Age
11:18 Double-Bit Axe
19:01 Castle Age
20:55 Bow Saw
23:21 Fishing Lines
23:37 Horse Collar
24:40 Heavy Plow
28:10 Wheelbarrow
27:42 Fletching
30:50 Imperial Age
28:43 Bodkin Arrow
29:26 Ballistics
29:40 Padded Archer Armor
29:37 Gold Mining
31:34 Leather Archer Armor
31:40 Thumb Ring
31:50 Bracer
31:28 Elite Elephant Archer
33:02 Conscription
33:52 Ring Archer Armor
34:25 Chemistry
34:30 Medical Corps
36:43 Scale Barding Armor
36:49 Forging
44:44 Caravan
DGHIR | Miloss
5:17 Loom
10:49 Feudal Age
13:31 Double-Bit Axe
14:10 Horse Collar
16:07 Wheelbarrow
15:28 Town Watch
21:16 Castle Age
19:23 Gold Mining
20:12 Scale Barding Armor
21:25 Forging
22:06 Bloodlines
21:52 Capped Ram
22:53 Light Cavalry
26:17 Chain Barding Armor
29:26 Bow Saw
29:39 Heavy Plow
31:16 Hand Cart
34:22 Imperial Age
32:36 Steppe Husbandry
34:39 Iron Casting
34:28 Cavalier
37:41 Chemistry
36:54 Hussar
38:53 Onager
46:12 Blast Furnace
Connection lost

Rejoining the realm…

Still unreachable

The connection could not be restored.

Session expired

The server has moved on; the page needs a fresh start.